 Dungeon Crawl Stone Soup version 0.20.1-1-g8b1a95d (webtiles) character file.

403 letownia2 the Grave Robber (level 6, -3/49 HPs)
             Began as a Deep Dwarf Necromancer on Nov 7, 2017.
             Slain by Menkaure (14 damage)
             ... on level 7 of the Dungeon.
             The game lasted 00:11:12 (3353 turns).

letownia2 the Grave Robber (Deep Dwarf Necromancer) Turns: 3353, Time: 00:11:13

Health: -3/49      AC:  7    Str: 15    XL:     6   Next: 55%
Magic:  7/12       EV: 10    Int: 22    God:
Gold:   185        SH:  0    Dex: 13    Spells: 9/13 levels left

rFire    . . .     SeeInvis +   a - +9 rapier of Disembowelment {elec, rC+ Str+4 Int+4}
rCold    + . .     Gourm    .   (no shield)
rNeg     . . .     Faith    .   A - +1 scale mail
rPois    .         Spirit   .   (no helmet)
rElec    .         Reflect  .   (no cloak)
rCorr    .         Harm     .   (no gloves)
MR       .....                  (no boots)
Stlth    +.........             (no amulet)
Regen    0.0/turn               D - ring of wizardry
MPRegen  0.2/turn               F - ring of see invisible

@: non-regenerating
A: damage resistance, heal wounds, sense surroundings 1, no regeneration
a: Heal Wounds


You were on level 7 of the Dungeon.
You were very hungry.

You visited 1 branch of the dungeon, and saw 7 of its levels.

You collected 185 gold pieces.

Inventory:

Hand Weapons
 a - the +9 rapier of Disembowelment (weapon) {elec, rC+ Str+4 Int+4}
   (You found it on level 6 of the Dungeon)

   Occasionally, upon striking a foe, it will discharge some electrical energy
   and cause terrible harm.
   It affects your strength (+4).
   It affects your intelligence (+4).
   It protects you from cold.
 d - a +0 short sword
 E - a +1 quarterstaff
Missiles
 e - a throwing net (quivered)
 m - 13 poisoned needles
 z - 6 javelins
Armour
 k - a +0 ring mail
 t - the +1 leather armour "Oskeph" {MR+ Stlth+}
   (You found it on level 4 of the Dungeon)

   It affects your resistance to hostile enchantments.
   It makes you more stealthy.
 A - a +1 scale mail (worn)
Magical Staves
 u - an uncursed staff of fire
Jewellery
 D - a ring of wizardry (left hand)
 F - a ring of see invisible (right hand)
Wands
 y - a wand of acid (9/15)
Scrolls
 f - 2 scrolls of teleportation
 h - a scroll of enchant armour
 n - a scroll of enchant weapon
Potions
 i - 3 potions of lignification {unknown}
 o - a potion of ambrosia {unknown}
 C - a potion of heal wounds
Books
 b - a book of Necromancy

   Spells                             Type                      Level
   a - Pain                           Necromancy                   1
   b - Animate Skeleton               Necromancy                   1
   c - Vampiric Draining              Necromancy                   3
   d - Regeneration                   Charms/Necromancy            3
   e - Animate Dead                   Necromancy                   4
   f - Control Undead                 Necromancy                   4
 q - a book of Cantrips

   Spells                             Type                      Level
   a - Confusing Touch                Hexes                        1
   b - Animate Skeleton               Necromancy                   1
   c - Summon Small Mammal            Summoning                    1
   d - Apportation                    Translocation                1
Comestibles
 c - 3 bread rations
 r - 3 royal jellies
 s - a fruit
 x - 2 meat rations


   Skills:
 - Level 2.1 Dodging
 - Level 2.4 Stealth
 - Level 4.3 Spellcasting
 + Level 6.9 Necromancy


You had 9 spell levels left.
You knew the following spells:

 Your Spells              Type           Power        Failure   Level  Hunger
a - Pain                  Necr           ####         1%          1    None
v - Vampiric Draining     Necr           #####.....   3%          3    ##.....


Dungeon Overview and Level Annotations

Branches:
Dungeon (7/15)             Temple (0/1) D:7

Altars:
Uskayaw
Xom
Yredelemnul

Annotations:
D:4 exclusions: hobgoblin and 1 more exclusion
D:5 exclusion: ice beast
D:7 Menkaure


Innate Abilities, Weirdness & Mutations

You are resistant to damage.
You can heal yourself by infusing magical energy.
You passively map a small area around you.
You do not regenerate.


Message History

You hit Menkaure but do no damage.
Menkaure is heavily damaged.
Menkaure hits you but does no damage.
Unknown command.
You hit Menkaure but do no damage.
Menkaure is heavily damaged.
Menkaure calls on the powers of darkness!
Your body is wracked with pain!
* * * LOW HITPOINT WARNING * * *
Unknown command.
You closely miss Menkaure.
Menkaure is heavily damaged.
Menkaure hits you!
* * * LOW HITPOINT WARNING * * *
Unknown command.
Unknown command.
You feel better.
Menkaure rustles in an indecipherable tongue.
Menkaure hits you!
You die...

, * ,,
###* * ...
,, #.., ,
* * #.# *
#.# * ** *
#####.####
*
#.....M..#
, *,
#@##.#,,
,* #<...#
#.#..# *
*,
#.#..... ,
, , *#.#
%###. , *
, ,..# ..
, , , ###
## ,, , ,
>, *


You could see Menkaure.

Vanquished Creatures
  A sky beast (D:5)
  A howler monkey (D:5)
  An orc wizard (D:3)
  A bullfrog skeleton (D:6)
  Ijyb (D:4)
  A hound (D:7)
  2 worker ants (D:5)
  A hound skeleton (D:5)
  3 adders
  An ooze (D:1)
  An adder skeleton (D:4)
  2 worms
  A dart slug (D:1)
  3 leopard geckos
  11 orcs
  3 giant cockroaches
  7 goblins
  A hobgoblin (D:1)
  4 jackals
  2 kobolds
  A quokka (D:4)
  A bat (D:1)
  2 frilled lizards
  2 rats
54 creatures vanquished.

Notes
Turn   | Place    | Note
-------+----------+-------------------------------------------
     0 | D:1      | letownia2 the Deep Dwarf Necromancer began the quest for the Orb.
     0 | D:1      | Reached XP level 1. HP: 15/15 MP: 3/3
   157 | D:1      | Reached XP level 2. HP: 22/22 MP: 0/5
   427 | D:2      | Reached skill level 5 in Necromancy
   545 | D:3      | Found a hide-covered altar of Uskayaw.
   649 | D:2      | Reached XP level 3. HP: 24/28 MP: 0/6
   674 | D:2      | Learned a level 3 spell: Vampiric Draining
   978 | D:3      | Reached skill level 6 in Necromancy
   978 | D:3      | Reached XP level 4. HP: 20/36 MP: 0/7
  1191 | D:4      | Got a polished leather armour
  1202 | D:4      | Identified the +1 leather armour "Oskeph" {MR+ Stlth+} (You found it on level 4 of the Dungeon)
  1284 | D:3      | Noticed an ogre
  1384 | D:4      | Noticed Ijyb
  1463 | D:4      | Found a basalt altar of Yredelemnul.
  2108 | D:5      | Entered Level 5 of the Dungeon
  2115 | D:5      | Reached XP level 5. HP: 14/42 MP: 4/9
  2402 | D:5      | Noticed a sky beast
  2563 | D:4      | Killed Ijyb
  2796 | D:5      | Killed a sky beast
  2796 | D:5      | Reached XP level 6. HP: 19/49 MP: 1/12
  3182 | D:5      | Noticed an ice beast
  3258 | D:6      | Found a shimmering altar of Xom.
  3259 | D:6      | Found a shimmering altar of Xom.
  3261 | D:6      | Got an ancient rapier
  3262 | D:6      | Identified the +9 rapier of Disembowelment {elec, rC+ Str+4 Int+4} (You found it on level 6 of the Dungeon)
  3268 | D:6      | Found a shimmering altar of Xom.
  3268 | D:6      | Found a shimmering altar of Xom.
  3270 | D:6      | Found a shimmering altar of Xom.
  3332 | D:6      | Found a shimmering altar of Xom.
  3332 | D:6      | Found a shimmering altar of Xom.
  3346 | D:7      | Noticed Menkaure
  3353 | D:7      | Slain by Menkaure

Skill      XL: |  1  2  3  4  5 |
---------------+----------------+-----
Spellcasting   | 2 4 |  4.3
Necromancy     | 5 6 |  6.9
Dodging        | |  2.1
Stealth        | |  2.4

Action                   |  1- 3 |  4- 6 || total
-------------------------+-------+-------++-------
Melee: Short sword       |     7 |       ||     7
       Quarterstaff      |    39 |    50 ||    89
       Rapier            |       |     4 ||     4
 Cast: Pain              |    46 |    14 ||    60
       Vampiric Draining |     3 |    25 ||    28
  Use: Scroll            |       |     8 ||     8
       Potion            |       |     1 ||     1
 Stab: Sleeping          |     1 |     1 ||     2
  Eat: Chunk             |     1 |     8 ||     9
       Fruit             |       |     1 ||     1
Armor: Robe              |     4 |       ||     4
       Ring mail         |    19 |     5 ||    24
       Leather armour    |       |     9 ||     9
       Scale mail        |       |     2 ||     2
Dodge: Dodged            |    56 |    49 ||   105
